| TOP OF THE 1ST |
|
San Antonio Missions batting - Pitching for Shreveport Braves : RHP Gary Hilton
|
|
Pitching: RHP Gary Hilton
|
|
|
Batting: RHB Ivan Calderon
|
0-0: Ball 1-0: Ball 2-0: Ball 3-0: Fly out, F3 (Popup, 3S, EV 85.0 MPH)
|
|
Batting: RHB Amos Lewis
|
0-0: Ball 1-0: Foul Ball, location: 2F 1-1: Foul Ball, location: 2F 1-2: Strikes out looking
|
|
Batting: RHB Ed Hearn
|
0-0: Ball 1-0: Ball 2-0: Ground out 6-3 (Groundball, 6, EV 103.8 MPH)
|
| Top of the 1st over - 0 runs, 0 hits, 0 errors, 0 left on base; San Antonio 0 - Shreveport 0 |
| BOTTOM OF THE 1ST |
|
Shreveport Braves batting - Pitching for San Antonio Missions : RHP Gordon Crane
|
|
Pitching: RHP Gordon Crane
|
|
|
Batting: LHB Robert Loscalzo
|
0-0: Ball 1-0: Called Strike 1-1: Called Strike 1-2: Strikes out swinging
|
|
Batting: RHB Mark Naehring
|
0-0: Foul Ball, location: 2F 0-1: Swinging Strike 0-2: Strikes out swinging
|
|
Batting: LHB Rusty McNealy
|
0-0: Ball 1-0: Foul Ball, location: 2F 1-1: Ground out 3-1 (Groundball, 34S, EV 84.4 MPH)
|
| Bottom of the 1st over - 0 runs, 0 hits, 0 errors, 0 left on base; San Antonio 0 - Shreveport 0 |
| TOP OF THE 2ND |
|
San Antonio Missions batting - Pitching for Shreveport Braves : RHP Gary Hilton
|
|
Batting: RHB Larry Hamilton
|
0-0: Ball 1-0: Called Strike 1-1: Swinging Strike 1-2: Ball 2-2: Strikes out swinging
|
|
Batting: LHB Lee Pruitt
|
0-0: Ball 1-0: Foul Ball, location: 2F 1-1: Ball 2-1: Foul Ball, location: 2F 2-2: SINGLE (Groundball, 4MD, EV 106.3 MPH)
|
|
Batting: LHB John D Morris
|
0-0: Swinging Strike 0-1: Swinging Strike 0-2: Strikes out looking
|
|
Batting: LHB Jerold Johnston
|
0-0: Ball 1-0: Foul Ball, location: 2F 1-1: Ball 2-1: Foul Ball, location: 2F 2-2: Ball 3-2: SINGLE (Groundball, 34D, EV 100.0 MPH) Lee Pruitt to second Lee Pruitt to third
|
|
Batting: LHB Matt Nokes
|
0-0: Swinging Strike 0-1: Ball 1-1: SINGLE (Groundball, 6D, EV 107.5 MPH) Lee Pruitt scores Jerold Johnston to second
|
|
Batting: RHB Houston Jimenez
|
0-0: Called Strike 0-1: Foul Ball, location: 2F 0-2: Fly out, F9 (Flyball, 89S, EV 90.6 MPH)
|
| Top of the 2nd over - 1 run, 3 hits, 0 errors, 2 left on base; San Antonio 1 - Shreveport 0 |
| BOTTOM OF THE 2ND |
|
Shreveport Braves batting - Pitching for San Antonio Missions : RHP Gordon Crane
|
|
Batting: LHB Tracy Dophied
|
0-0: Ball 1-0: Ball 2-0: Swinging Strike 2-1: Ground out 6-3 (Groundball, 6, EV 103.1 MPH)
|
|
Batting: RHB Glenn Walker
|
0-0: Ball 1-0: Fly out, F7 (Flyball, 7LS, EV 94.4 MPH)
|
|
Batting: SHB Michael Lessard
|
0-0: Called Strike 0-1: Ball 1-1: Called Strike 1-2: Ground out 6-3 (Groundball, 6, EV 88.8 MPH)
|
| Bottom of the 2nd over - 0 runs, 0 hits, 0 errors, 0 left on base; San Antonio 1 - Shreveport 0 |
| TOP OF THE 3RD |
|
San Antonio Missions batting - Pitching for Shreveport Braves : RHP Gary Hilton
|
|
Batting: RHB Ivan Calderon
|
0-0: Ball 1-0: Fly out, F1 (Line Drive, P, EV 65.0 MPH)
|
|
Batting: RHB Amos Lewis
|
0-0: Ball 1-0: Foul Ball, location: 2F 1-1: DOUBLE (Line Drive, 7LS, EV 100.0 MPH)
|
|
Batting: RHB Ed Hearn
|
0-0: Ground out 5-3 (Groundball, 56, EV 101.9 MPH)
|
|
Batting: RHB Larry Hamilton
|
0-0: Ball 1-0: Ball 2-0: Foul Ball, location: 2F 2-1: Foul Ball, location: 2F 2-2: Strikes out swinging
|
| Top of the 3rd over - 0 runs, 1 hit, 0 errors, 1 left on base; San Antonio 1 - Shreveport 0 |
| BOTTOM OF THE 3RD |
|
Shreveport Braves batting - Pitching for San Antonio Missions : RHP Gordon Crane
|
|
Batting: RHB Les Pearsey
|
0-0: Ball 1-0: Ball 2-0: Called Strike 2-1: Swinging Strike 2-2: Ground out 4-3 (Groundball, 4S, EV 82.5 MPH)
|
|
Batting: RHB Jeff Matthews
|
0-0: Called Strike 0-1: Ball 1-1: Foul Ball, location: 2F 1-2: Strikes out looking
|
|
Batting: RHB John Lickert
|
0-0: Ball 1-0: Ball 2-0: Ground out 6-3 (Groundball, 6, EV 93.1 MPH)
|
| Bottom of the 3rd over - 0 runs, 0 hits, 0 errors, 0 left on base; San Antonio 1 - Shreveport 0 |
| TOP OF THE 4TH |
|
San Antonio Missions batting - Pitching for Shreveport Braves : RHP Gary Hilton
|
|
Batting: LHB Lee Pruitt
|
0-0: Ball 1-0: Ball 2-0: Ball 3-0: Base on Balls
|
|
Batting: LHB John D Morris
|
0-0: Called Strike 0-1: Ball 1-1: Called Strike 1-2: Foul Ball, location: 2F 1-2: Strikes out looking
|
|
Batting: LHB Jerold Johnston
|
0-0: Ball 1-0: Ball 2-0: Ball 3-0: Swinging Strike 3-1: Base on Balls Lee Pruitt to second
|
|
Batting: LHB Matt Nokes
|
0-0: Ball 1-0: Foul Ball, location: 2F 1-1: Fly out, F7 (Flyball, 78S, EV 94.4 MPH)
|
|
Batting: RHB Houston Jimenez
|
0-0: Ball 1-0: Called Strike 1-1: Swinging Strike 1-2: Ball 2-2: Foul Ball, location: 2F 2-2: Ball 3-2: Base on Balls Lee Pruitt to third Jerold Johnston to second
|
|
Batting: RHB Ivan Calderon
|
0-0: Ball 1-0: Called Strike 1-1: Foul Ball, location: 2F 1-2: Ball 2-2: DOUBLE (Groundball, 5L, EV 108.8 MPH) Lee Pruitt scores Jerold Johnston scores Houston Jimenez to third Runner from 3rd tries for Home, SAFE, throw by LF to trailing runner, SAFE at third!
|
|
Batting: RHB Amos Lewis
|
0-0: Ball 1-0: Ball 2-0: Ball 3-0: Called Strike 3-1: Base on Balls
|
|
Batting: RHB Ed Hearn
|
0-0: Called Strike 0-1: Ball 1-1: Swinging Strike 1-2: Strikes out swinging
|
| Top of the 4th over - 3 runs, 1 hit, 0 errors, 2 left on base; San Antonio 4 - Shreveport 0 |
| BOTTOM OF THE 4TH |
|
Shreveport Braves batting - Pitching for San Antonio Missions : RHP Gordon Crane
|
|
Batting: LHB Robert Loscalzo
|
0-0: Foul Ball, location: 2F 0-1: Foul Ball, location: 2F 0-2: Foul Ball, location: 2F 0-2: SINGLE (Groundball, 34S, EV 70.0 MPH) (infield hit)
|
|
Batting: RHB Mark Naehring
|
0-0: Called Strike 0-1: Fly out, F8 (Flyball, 8LM, EV 93.8 MPH)
|
|
Batting: LHB Rusty McNealy
|
0-0: Ball 1-0: SINGLE (Groundball, 6M, EV 104.4 MPH) (infield hit) Robert Loscalzo to second
|
|
Batting: LHB Tracy Dophied
|
0-0: Called Strike 0-1: Ball 1-1: Fielders Choice at 2nd, 3-6 (Groundball, 3, EV 105.6 MPH) Robert Loscalzo to third
|
|
Batting: RHB Glenn Walker
|
0-0: Swinging Strike 0-1: Foul Ball, location: 2F 0-2: Foul Ball, location: 2F 0-2: Ball 1-2: Ball 2-2: Ball 3-2: Strikes out swinging
|
| Bottom of the 4th over - 0 runs, 2 hits, 0 errors, 2 left on base; San Antonio 4 - Shreveport 0 |
| TOP OF THE 5TH |
|
San Antonio Missions batting - Pitching for Shreveport Braves : RHP Gary Hilton
|
|
Batting: RHB Larry Hamilton
|
0-0: Ball 1-0: Fly out, F9 (Flyball, 9, EV 87.5 MPH)
|
|
Batting: LHB Lee Pruitt
|
0-0: Ball 1-0: Foul Ball, location: 2F 1-1: Ball 2-1: Swinging Strike 2-2: Strikes out looking and he ARGUES THE CALL AND IS TOSSED!
|
|
Batting: LHB John D Morris
|
0-0: Called Strike 0-1: Ground out 4-3 (Groundball, 4, EV 88.1 MPH)
|
| Top of the 5th over - 0 runs, 0 hits, 0 errors, 0 left on base; San Antonio 4 - Shreveport 0 |
| BOTTOM OF THE 5TH |
|
Shreveport Braves batting - Pitching for San Antonio Missions : RHP Gordon Crane
|
|
Batting: SHB Michael Lessard
|
0-0: Ball 1-0: Foul Ball, location: 2F 1-1: Foul Ball, location: 2F 1-2: Ball 2-2: Ball 3-2: DOUBLE (Line Drive, 7LM, EV 104.4 MPH)
|
|
Batting: RHB Les Pearsey
|
0-0: Fly out, F3 (Popup, 23F, EV 75.6 MPH)
|
|
Batting: RHB Jeff Matthews
|
0-0: Ground out 5-3 (Groundball, 56, EV 97.5 MPH)
|
|
Batting: RHB John Lickert
|
0-0: Ball 1-0: Fly out, F9 (Flyball, 9LS, EV 90.0 MPH)
|
| Bottom of the 5th over - 0 runs, 1 hit, 0 errors, 1 left on base; San Antonio 4 - Shreveport 0 |
| TOP OF THE 6TH |
|
San Antonio Missions batting - Pitching for Shreveport Braves : RHP Gary Hilton
|
|
Batting: LHB Jerold Johnston
|
0-0: Called Strike 0-1: Swinging Strike 0-2: Strikes out swinging
|
|
Batting: LHB Matt Nokes
|
0-0: Ground out 6-3 (Groundball, 56, EV 76.9 MPH)
|
|
Batting: RHB Houston Jimenez
|
0-0: Foul Ball, location: 2F 0-1: Swinging Strike 0-2: Foul Ball, location: 2F 0-2: Ball 1-2: Ball 2-2: Ball 3-2: Base on Balls
|
|
Batting: RHB Ivan Calderon
|
0-0: Ball 1-0: Fielders Choice at 2nd, 6-4 (Groundball, 6, EV 80.6 MPH)
|
| Top of the 6th over - 0 runs, 0 hits, 0 errors, 1 left on base; San Antonio 4 - Shreveport 0 |
| BOTTOM OF THE 6TH |
|
Shreveport Braves batting - Pitching for San Antonio Missions : RHP Gordon Crane
|
|
Batting: LHB Robert Loscalzo
|
0-0: Ground out 4-3 (Groundball, 4, EV 99.4 MPH)
|
|
Batting: RHB Mark Naehring
|
0-0: Ball 1-0: Ground out 6-3 (Groundball, 6, EV 81.9 MPH)
|
|
Batting: LHB Rusty McNealy
|
0-0: Ball 1-0: Ground out 6-3 (Groundball, 6, EV 86.9 MPH)
|
| Bottom of the 6th over - 0 runs, 0 hits, 0 errors, 0 left on base; San Antonio 4 - Shreveport 0 |
| TOP OF THE 7TH |
|
San Antonio Missions batting - Pitching for Shreveport Braves : RHP Gary Hilton
|
|
Batting: RHB Amos Lewis
|
0-0: Foul Ball, location: 2F 0-1: Ball 1-1: Ball 2-1: Foul Ball, location: 2F 2-2: Foul Ball, location: 2F 2-2: Ball 3-2: Foul Ball, location: 2F 3-2: Foul Ball, location: 2F 3-2: Foul Ball, location: 2F 3-2: Ground out 5-3 (Groundball, 56S, EV 91.9 MPH)
|
|
Batting: RHB Ed Hearn
|
0-0: Ball 1-0: Ball 2-0: Fly out, F8 (Flyball, 8LD, EV 101.3 MPH)
|
|
Batting: RHB Larry Hamilton
|
0-0: Ball 1-0: Ball 2-0: Foul Ball, location: 2F 2-1: Ball 3-1: Foul Ball, location: 2F 3-2: Base on Balls
|
|
Batting: LHB Steven Fortune
|
0-0: Ball 1-0: Ball 2-0: Ball 3-0: Called Strike 3-1: Base on Balls Larry Hamilton to second
|
|
Pitching: RHP Philip Costello
|
|
|
Batting: LHB John D Morris
|
0-0: Foul Ball, location: 2F 0-1: Foul Ball, location: 2F 0-2: Ball 1-2: Foul Ball, location: 2F 1-2: Foul Ball, location: 2F 1-2: 3-RUN HOME RUN (Flyball, 89XD, EV 98.1 MPH), Distance : 419 ft
|
|
Pinch Hitting: RHB Archie Amerson
|
0-0: Called Strike 0-1: Ball 1-1: Ball 2-1: Foul Ball, location: 2F 2-2: Foul Ball, location: 2F 2-2: Ball 3-2: Base on Balls
|
|
Batting: LHB Matt Nokes
|
0-0: Called Strike 0-1: Called Strike 0-2: Ball 1-2: Ball 2-2: Foul Ball, location: 2F 2-2: Strikes out swinging
|
| Top of the 7th over - 3 runs, 1 hit, 0 errors, 1 left on base; San Antonio 7 - Shreveport 0 |
| BOTTOM OF THE 7TH |
|
Shreveport Braves batting - Pitching for San Antonio Missions : RHP Gordon Crane
|
|
Now at 2B: Leo Hernandez
|
|
|
Pinch Hitting: RHB Daniel Supple
|
0-0: Ball 1-0: Ball 2-0: Ball 3-0: Called Strike 3-1: Base on Balls
|
|
Pinch Hitting: RHB Donald Eagan
|
0-0: Called Strike 0-1: Ball Daniel Supple steals 2nd base 1-1: Called Strike 1-2: Foul Ball, location: 2F 1-2: Strikes out swinging
|
|
Pinch Hitting: RHB Thomas Popovich
|
0-0: Ball 1-0: Ball 2-0: Called Strike 2-1: Called Strike 2-2: SINGLE (Line Drive, 89M, EV 90.0 MPH) Daniel Supple to third
|
|
Batting: RHB Les Pearsey
|
0-0: Fly out, F8 (Flyball, 8RD, EV 83.8 MPH) Runner from 3rd tags up, SCORES, throw by CF
|
|
Batting: RHB Jeff Matthews
|
0-0: Foul Ball, location: 2F 0-1: Called Strike 0-2: Ball 1-2: Ground out 4-3 (Groundball, 4, EV 81.9 MPH)
|
| Bottom of the 7th over - 1 run, 1 hit, 0 errors, 1 left on base; San Antonio 7 - Shreveport 1 |
| TOP OF THE 8TH |
|
San Antonio Missions batting - Pitching for Shreveport Braves : RHP Philip Costello
|
|
Now at 2B: Thomas Popovich
|
|
|
Now in LF: Donald Eagan
|
|
|
Now in CF: Daniel Supple
|
|
|
Batting: RHB Houston Jimenez
|
0-0: Ball 1-0: SINGLE (Groundball, 6MD, EV 97.5 MPH)
|
|
Pitching: RHP Cecilio Guante
|
|
|
Batting: RHB Ivan Calderon
|
0-0: Ball 1-0: Called Strike 1-1: Foul Ball, location: 2F 1-2: Strikes out swinging
|
|
Batting: RHB Amos Lewis
|
0-0: Reached on error, E6 (Groundball, 6, EV 88.1 MPH) Houston Jimenez to second
|
|
Batting: RHB Ed Hearn
|
0-0: Ball 1-0: Called Strike 1-1: Ball 2-1: Ball 3-1: Called Strike 3-2: Foul Ball, location: 2F 3-2: Base on Balls Houston Jimenez to third Amos Lewis to second
|
|
Batting: RHB Larry Hamilton
|
0-0: Ball 1-0: GRAND SLAM HOME RUN (Flyball, 7LD, EV 105.6 MPH), Distance : 365 ft
|
|
Batting: LHB Steven Fortune
|
0-0: Ball 1-0: Foul Ball, location: 2F 1-1: Swinging Strike 1-2: Ball 2-2: SINGLE (Groundball, 34D, EV 111.3 MPH)
|
|
Batting: LHB John D Morris
|
0-0: Foul Ball, location: 2F 0-1: Ball 1-1: Foul Ball, location: 2F 1-2: Ball 2-2: Foul Ball, location: 2F 2-2: Ball 3-2: Foul Ball, location: 2F 3-2: Fly out, F7 (Line Drive, 7, EV 111.3 MPH)
|
|
Batting: RHB Leo Hernandez
|
0-0: Called Strike 0-1: Called Strike 0-2: Strikes out swinging
|
| Top of the 8th over - 4 runs, 3 hits, 1 error, 1 left on base; San Antonio 11 - Shreveport 1 |
| BOTTOM OF THE 8TH |
|
Shreveport Braves batting - Pitching for San Antonio Missions : RHP Gordon Crane
|
|
Batting: RHB John Lickert
|
0-0: Ball 1-0: Foul Ball, location: 2F 1-1: Ground out 6-3 (Groundball, 6D, EV 92.5 MPH)
|
|
Batting: LHB Robert Loscalzo
|
0-0: Ball 1-0: SINGLE (Flyball, 8LS, EV 86.9 MPH)
|
|
Pinch Hitting: LHB Ronald Walker
|
0-0: Called Strike 0-1: Ball 1-1: Ball 2-1: Foul Ball, location: 2F 2-2: Ball 3-2: Fly out, F7 (Flyball, 7S, EV 89.4 MPH)
|
|
Batting: LHB Rusty McNealy
|
0-0: Foul Ball, location: 2F 0-1: Called Strike 0-2: Ground out U3 (Groundball, 3L, EV 91.3 MPH)
|
| Bottom of the 8th over - 0 runs, 1 hit, 0 errors, 1 left on base; San Antonio 11 - Shreveport 1 |
| TOP OF THE 9TH |
|
San Antonio Missions batting - Pitching for Shreveport Braves : RHP Cecilio Guante
|
|
Now at 1B: Ronald Walker
|
|
|
Batting: LHB Matt Nokes
|
0-0: Ground out 5-3 (Groundball, 56, EV 85.0 MPH)
|
|
Batting: RHB Houston Jimenez
|
0-0: Ball 1-0: SINGLE (Flyball, 4MD, EV 85.6 MPH)
|
|
Pinch Hitting: RHB Jack Clark
|
0-0: Ball 1-0: Swinging Strike 1-1: Fielders Choice at 2nd, 4-6 (Groundball, 4, EV 77.5 MPH)
|
|
Batting: RHB Amos Lewis
|
0-0: Called Strike 0-1: Ball 1-1: Ball 2-1: Ball 3-1: Called Strike 3-2: Base on Balls Jack Clark to second
|
|
Batting: RHB Ed Hearn
|
0-0: Called Strike 0-1: Fly out, F9 (Flyball, 9S, EV 88.8 MPH)
|
| Top of the 9th over - 0 runs, 1 hit, 0 errors, 2 left on base; San Antonio 11 - Shreveport 1 |
| BOTTOM OF THE 9TH |
|
Shreveport Braves batting - Pitching for San Antonio Missions : RHP Gordon Crane
|
|
Now in CF: Jack Clark
|
|
|
Batting: RHB Daniel Supple
|
0-0: Called Strike 0-1: Swinging Strike 0-2: Strikes out swinging
|
|
Batting: RHB Donald Eagan
|
0-0: Foul Ball, location: 2F 0-1: Ball 1-1: Ball 2-1: Ground out 5-3 (Groundball, 56S, EV 83.8 MPH)
|
|
Batting: RHB Thomas Popovich
|
0-0: Called Strike 0-1: Ground out 6-3 (Groundball, 6, EV 85.6 MPH)
|
| Bottom of the 9th over - 0 runs, 0 hits, 0 errors, 0 left on base; San Antonio 11 - Shreveport 1 |
|